Map: Blackburn LE

Players

Armani

  • Race: Zerg Zerg

LiquidClem (Clem) - Winner!

  • Race: Terran Terran
  • League: Bronze

Event: TSL 7

VOD

Have the link to the VOD?

Description

Time

  • Played on: June 20, 2021, 8:45 a.m.
  • Length: 16:18

All games in this series

Show
View Real Time Build Order
Export as new Build Order

Armani Zerg 

Build Orders: Hatch First, Lurkers 

Get SALT Encoding   

  12  0:00  Drone  
  13  0:13  Overlord  
  13  0:18  Drone  
  14  0:32  Drone x2  
  16  0:48  Hatchery  
  15  0:52  Drone  
  15  0:56  Drone  
  17  0:59  Drone  
  18  1:07  Extractor  
  17  1:15  Spawning Pool  
  17  1:17  Drone  
  17  1:20  Drone  
  18  1:29  Drone  
  19  1:39  Drone  
  20  1:50  Drone  
  21  2:01  Queen x2  
  21  2:02  Zergling x4  
  21  2:07  Metabolic Boost  
  27  2:22  Hatchery  
  26  2:27  Overlord  
  26  2:30  Drone  
  26  2:35  Drone  
  28  2:46  Drone  
  28  2:47  Drone x3  
  32  2:55  Drone x2  
  34  3:00  Overlord  
  34  3:05  Drone  
  35  3:09  Drone  
  36  3:17  Queen  
  36  3:18  Drone x2  
  36  3:19  Drone x2  
  42  3:28  Roach Warren, Overlord  
  42  3:29  Drone  
  42  3:35  Queen  
  42  3:37  Drone  
  42  3:39  Extractor  
  42  3:40  Drone x2  
  46  3:45  Overlord  
  46  3:46  Drone  
  46  3:48  Drone  
  48  3:51  Overlord  
  48  4:03  Drone  
  48  4:05  Overlord  
  48  4:08  Roach x4  
  57  4:10  Roach  
  57  4:12  Drone  
  57  4:16  Queen  
  60  4:19  Drone  
  63  4:25  Lair  
  63  4:26  Drone x2  
  63  4:28  Drone  
  63  4:29  Drone  
  67  4:32  Drone  
  67  4:35  Extractor  
  67  4:36  Overlord  
  67  4:38  Drone  
  68  4:41  Drone, Evolution Chamber  
  68  4:42  Drone  
  69  4:46  Drone x2  
  69  4:47  Drone  
  69  4:52  Drone x2  
  74  4:57  Drone x5  
  79  5:05  Spore Crawler  
  79  5:06  Extractor  
  77  5:07  Zerg Ground Armor Level 1  
  77  5:12  Roach x2  
  77  5:13  Overlord  
  81  5:14  Overlord  
  81  5:17  Overlord  
  80  5:25  Glial Reconstitution  
  80  5:26  Overlord  
  80  5:33  Roach x6  
  80  5:34  Overlord  
  92  5:37  Roach  
  92  5:39  Drone x2  
  96  5:46  Roach x3  
  101  5:50  Extractor  
  101  5:51  Drone, Extractor  
  101  5:52  Drone, Infestation Pit  
  101  5:53  Drone  
  101  5:54  Drone x2  
  101  5:56  Drone  
  104  5:58  Drone  
  104  6:01  Drone x2  
  107  6:04  Drone x3  
  107  6:05  Drone  
  107  6:07  Drone  
  112  6:15  Drone  
  112  6:17  Evolution Chamber  
  112  6:19  Ravager x3  
  112  6:25  Hatchery, Zergling x4  
  116  6:26  Zergling x2  
  116  6:27  Spore Crawler  
  116  6:28  Drone, Spore Crawler  
  116  6:33  Hive  
  116  6:35  Hydralisk Den  
  116  6:36  Drone  
  116  6:39  Drone x2  
  118  6:50  Zerg Missile Weapons Level 1  
  118  6:57  Roach x2  
  118  6:58  Overlord x4  
  118  7:00  Overlord  
  121  7:02  Zerg Ground Armor Level 2  
  121  7:08  Lurker Den, Overlord  
  120  7:09  Overlord  
  120  7:15  Drone  
  120  7:16  Drone  
  120  7:18  Drone x6  
  120  7:20  Roach  
  129  7:23  Roach  
  129  7:24  Roach  
  129  7:25  Extractor x2, Roach  
  132  7:45  Viper x3  
  132  7:48  Roach x4  
  132  7:49  Zergling x12  
  155  7:55  Overlord  
  151  8:00  Hydralisk x3  
  151  8:01  Overlord x2  
  157  8:08  Seismic Spines  
  157  8:13  Drone  
  157  8:14  Drone x6  
  161  8:28  Lurker  
  161  8:29  Lurker x2  
  162  8:36  Extractor  
  162  8:39  Queen x2  
  151  8:41  Hydralisk x3  
  151  8:42  Grooved Spines, Hydralisk x4  
  151  8:45  Drone  
  151  8:47  Drone  
  165  8:49  Drone  
  165  8:53  Drone  
  165  8:54  Drone  
  164  9:04  Spore Crawler  
  164  9:08  Hydralisk x8  
  170  9:22  Lurker x2  
  170  9:24  Zergling x20  
  182  9:28  Adaptive Talons  
  179  9:34  Lurker  
  179  9:35  Lurker  
  178  9:42  Drone  
  178  9:44  Zergling x12  
  159  10:05  Roach x12  
  150  10:13  Roach x3  
  137  10:21  Hydralisk  
  137  10:22  Hydralisk x3, Evolution Chamber  
  137  10:28  Queen x3, Hydralisk Den  
  146  10:41  Spore Crawler  
  145  10:45  Drone  
  145  10:46  Drone, Queen  
  149  10:51  Zerg Missile Weapons Level 2  
  143  10:57  Hydralisk x10  
  143  11:04  Queen x2  
  160  11:06  Lurker x3  
  160  11:09  Overlord  
  160  11:10  Overlord  
  144  11:35  Hydralisk x2  
  148  11:44  Lurker x8  
  148  11:46  Hydralisk  
  158  11:49  Roach x2  
  158  11:51  Hatchery  
  161  11:54  Hydralisk x2  
  164  12:13  Hatchery  
  161  12:22  Hydralisk  
  161  12:23  Hydralisk x7  
  161  12:27  Overseer  
  171  12:33  Hydralisk x2  
  171  12:34  Hydralisk  
  171  12:35  Overlord  
  177  12:39  Overlord  
  165  12:54  Muscular Augments  
  165  12:56  Hydralisk x5  
  169  13:06  Overlord  
  169  13:08  Pneumatized Carapace  
  169  13:09  Overseer  
  169  13:13  Lurker  
  169  13:14  Overlord  
  169  13:15  Overlord  
  169  13:16  Drone x4  
  169  13:17  Overlord  
  169  13:18  Overlord x2  
  162  13:35  Hydralisk x5  
  150  13:45  Viper  
  132  13:49  Hydralisk x3  
  132  13:52  Drone x3  
  132  13:53  Overseer  
  132  13:54  Extractor x2  
  139  13:57  Queen  
  135  14:07  Viper  
  135  14:09  Zergling x8  
  139  14:21  Hydralisk  
  139  14:22  Hydralisk x4  
  149  14:41  Hydralisk x7  
  149  14:42  Hatchery  
  155  14:48  Zergling x10  
  153  14:57  Lurker x2  
  142  15:13  Hydralisk x6  
  145  15:15  Zergling x12  
  145  15:28  Lurker  
  145  15:29  Lurker  
  145  15:31  Overseer  
  145  15:32  Drone  
  148  15:40  Hydralisk  
  148  15:41  Hydralisk x3  
  148  15:42  Hatchery  
  123  15:53  Hydralisk x6  
  123  15:54  Zergling x2  
  123  15:55  Zergling x2  
Show
View Real Time Build Order
Export as new Build Order

LiquidClem Terran - Winner!

Build Orders: Reaper Expand 

Get SALT Encoding   

  12  0:00  SCV  
  13  0:12  SCV  
  14  0:17  Supply Depot  
  14  0:25  SCV  
  15  0:39  SCV, Barracks  
  16  0:43  Refinery  
  16  0:51  SCV  
  17  1:03  SCV  
  18  1:15  SCV  
  19  1:26  Reaper  
  19  1:27  Orbital Command  
  20  1:41  Command Center  
  20  1:48  Supply Depot  
  20  1:52  SCV  
  21  1:58  Marine  
  22  2:04  SCV  
  23  2:12  Factory  
  23  2:20  Barracks Reactor, SCV  
  24  2:32  SCV  
  25  2:40  Command Center  
  25  2:44  SCV  
  26  2:54  Orbital Command  
  26  2:56  SCV  
  27  3:01  Barracks  
  27  3:04  Barracks Tech Lab  
  27  3:08  SCV  
  27  3:11  Hellion  
  30  3:16  Hellion  
  30  3:19  SCV  
  33  3:21  SCV  
  33  3:24  Refinery  
  33  3:26  Marine  
  35  3:30  Stimpack  
  35  3:34  SCV  
  36  3:35  SCV  
  37  3:43  Marine  
  37  3:46  SCV  
  37  3:47  SCV  
  40  3:50  Starport  
  40  3:53  Orbital Command  
  40  3:57  Marine x2  
  40  3:58  SCV, Factory Reactor  
  40  4:01  SCV  
  44  4:04  Marine  
  44  4:05  Supply Depot  
  45  4:10  SCV  
  45  4:13  SCV  
  45  4:15  Marine x2  
  49  4:22  SCV x2, Marine  
  52  4:28  SCV  
  52  4:29  Supply Depot  
  52  4:30  Barracks  
  53  4:37  Marine  
  53  4:38  Refinery, Marine  
  55  4:39  SCV x2  
  55  4:40  Marine  
  55  4:42  Factory Reactor, Medivac  
  55  4:43  Medivac  
  55  4:44  SCV  
  62  4:49  Refinery, Factory Tech Lab  
  62  4:51  Bunker  
  62  4:55  Engineering Bay, Marine  
  62  4:57  SCV  
  62  4:58  SCV  
  62  4:59  Marine  
  66  5:00  Marine  
  66  5:01  SCV  
  68  5:09  SCV  
  68  5:10  SCV, Combat Shield  
  68  5:13  Engineering Bay, Marine  
  71  5:15  Siege Tank  
  75  5:22  Barracks Reactor  
  75  5:24  SCV  
  75  5:26  Marine  
  75  5:27  Orbital Command, Barracks x2  
  76  5:30  Marine  
  76  5:34  Terran Infantry Weapons Level 1, Supply Depot  
  77  5:40  Terran Infantry Armor Level 1  
  77  5:42  Supply Depot  
  77  5:56  SCV x3, Marine x3  
  83  6:01  Marine x2  
  83  6:02  Supply Depot  
  85  6:04  Siege Tank  
  85  6:08  SCV x3, Supply Depot  
  85  6:11  Medivac  
  93  6:14  Bunker  
  93  6:21  Barracks Reactor x2  
  93  6:23  Marine x3  
  93  6:24  SCV x2, Medivac  
  100  6:25  Marine  
  100  6:28  SCV  
  100  6:31  Marine  
  103  6:33  Supply Depot  
  103  6:35  Supply Depot  
  103  6:36  SCV x2, Siege Tank  
  108  6:41  Marine x2  
  108  6:45  SCV  
  108  6:46  Marine x2  
  108  6:47  Refinery  
  113  6:49  Factory  
  113  6:52  Marine  
  114  6:56  SCV, Supply Depot  
  114  6:57  SCV  
  114  6:59  Marine x6  
  121  7:04  Marine  
  121  7:05  Armory  
  121  7:07  Medivac x2  
  126  7:09  Marine  
  126  7:10  Refinery  
  126  7:15  SCV x3, Supply Depot  
  130  7:18  Marine x3  
  130  7:21  Marine x2  
  135  7:24  Marine  
  135  7:26  Marine  
  135  7:27  SCV, Marine  
  135  7:28  Marine  
  140  7:33  Supply Depot  
  140  7:36  Marine x3  
  143  7:38  Marine  
  143  7:39  Factory Tech Lab  
  144  7:46  Command Center  
  144  7:47  Siege Tank  
  144  7:49  Marine x2  
  144  7:50  Supply Depot  
  145  7:57  Terran Infantry Armor Level 2, Terran Infantry Weapons Level 2  
  141  8:01  Siege Tank  
  144  8:09  Supply Depot  
  144  8:10  Missile Turret  
  143  8:14  Marine x7  
  143  8:15  Marine  
  143  8:17  Marine  
  152  8:23  Siege Tank, Terran Vehicle Weapons Level 1  
  152  8:24  Supply Depot  
  155  8:32  Marine x2  
  155  8:34  Marine x3  
  157  8:36  Marine  
  155  8:42  Marine  
  155  8:43  Marauder  
  155  8:46  Siege Tank  
  155  8:47  Marine  
  155  8:48  Supply Depot x2  
  161  8:50  Marine x2  
  161  8:52  Marine  
  162  8:56  Marine x3  
  162  9:00  Siege Tank  
  162  9:02  Barracks  
  166  9:03  Barracks  
  166  9:05  Barracks, Marauder  
  168  9:13  SCV  
  165  9:20  Medivac x2  
  165  9:22  Planetary Fortress  
  167  9:28  Siege Tank  
  170  9:33  Marine  
  170  9:34  Marauder, Marine x5  
  170  9:36  Siege Tank  
  170  9:37  Concussive Shells  
  180  9:41  SCV  
  180  9:42  Refinery  
  180  9:43  Refinery  
  180  9:44  Marine  
  179  9:45  SCV x2  
  179  9:47  Marine  
  179  9:50  Medivac x2  
  179  9:51  Marine x3  
  179  9:52  Marine x2  
  179  9:53  SCV  
  169  10:00  Siege Tank  
  169  10:02  Marine  
  169  10:03  Marine  
  169  10:04  Marine  
  169  10:06  Marine  
  161  10:07  Barracks Tech Lab  
  161  10:09  Ghost Academy, Siege Tank  
  161  10:13  SCV  
  161  10:16  Marine x2  
  161  10:20  Medivac x2  
  166  10:22  Command Center  
  166  10:26  Barracks Tech Lab x2  
  159  10:29  SCV  
  159  10:30  SCV  
  159  10:31  Marine  
  159  10:32  Siege Tank  
  165  10:36  Marauder  
  165  10:41  Siege Tank  
  166  10:48  Marine  
  166  10:49  Medivac  
  154  10:57  Ghost  
  154  11:01  Ghost x2  
  156  11:05  Siege Tank  
  156  11:09  Command Center  
  156  11:10  SCV x4  
  163  11:12  Sensor Tower  
  163  11:13  Marine x4  
  159  11:19  Ghost  
  159  11:21  Marine x3  
  159  11:22  SCV x2  
  159  11:25  Viking x2  
  155  11:30  Marine x3  
  151  11:34  SCV x2  
  151  11:37  Marine x3  
  151  11:39  Siege Tank x2  
  160  11:50  Terran Infantry Weapons Level 3  
  160  11:53  Marauder x4, Marine x5  
  173  11:55  SCV x4  
  173  12:00  Missile Turret  
  177  12:07  Refinery  
  177  12:08  Refinery  
  177  12:11  Siege Tank  
  177  12:15  Ghost, Siege Tank  
  179  12:17  Ghost  
  180  12:23  Ghost  
  178  12:30  Planetary Fortress  
  178  12:32  Marine x3  
  178  12:33  Marine  
  178  12:34  Marauder  
  184  12:43  SCV  
  184  12:44  Command Center, Missile Turret  
  184  12:46  SCV  
  184  12:47  Command Center  
  184  12:48  SCV  
  184  12:50  Ghost x2  
  177  12:53  SCV  
  177  12:58  Siege Tank x2  
  169  13:03  SCV  
  169  13:04  Missile Turret  
  169  13:05  Planetary Fortress  
  173  13:18  Refinery, Missile Turret  
  173  13:20  Refinery  
  173  13:21  Ghost  
  173  13:23  Ghost  
  177  13:27  Terran Infantry Armor Level 3  
  177  13:29  Terran Vehicle Weapons Level 2  
  177  13:30  Siege Tank  
  177  13:35  Ghost  
  177  13:37  Ghost  
  165  13:43  Siege Tank  
  161  13:50  Ghost  
  161  13:51  Ghost  
  155  13:55  Marine x2  
  155  14:00  Marine  
  155  14:03  Ghost, Marine x4  
  155  14:05  Siege Tank  
  155  14:07  Orbital Command  
  155  14:08  Ghost  
  163  14:17  Viking x2  
  163  14:18  Ghost  
  163  14:19  Marine  
  163  14:20  Ghost  
  163  14:22  Personal Cloaking  
  172  14:28  Marine x6  
  178  14:33  Marauder, Siege Tank  
  178  14:38  Marauder  
  185  14:45  Siege Tank  
  188  14:48  Marauder, Ghost  
  188  14:52  Planetary Fortress  
  192  14:57  Viking x2  
  196  15:05  Siege Tank  
  191  15:08  Ghost x2  
  191  15:09  Marine  
  192  15:14  Marine x4  
  192  15:16  Ghost  
  192  15:17  Ghost  
  198  15:37  Ghost, Command Center  
  198  15:39  Command Center  
  199  15:49  Ghost  
  198  15:54  Marine  
  198  15:55  Marine x4  
Tags
 
Add a new tag
Caveats
  • Supply blocks, unpowered buildings, or Contaminate may cause inaccurate times.
  • Supply counts are checked every 10 seconds.